cohdb
Replays
Latest Replays
All Replays
Popular Replays
Top Player Replays
Match Explorer
How It Works
Community
CoH3 Stats
Reddit
Sign in to upload your games and track your stats! →
Sign in with Steam
Match 45823820
Unlisted
Match 45823820
Overview
Messages
Build Orders
End
Kradschützen Motorcycle Team
Panzerpioneer Squad
Selects Armored Support Battlegroup
Panzergrenadier Squad
Construct Light Support Kompanie
250 Light Carrier
Combat Half-tracks
Fire Support Elements
Flakvierling Half-track
Panzerjäger Mechanized Group
Construct Panzerarmee Kommand
Vehicle Survival Package
Selects Veteran Gunners
Selects Salvage Kits
Panzer III L Medium Tank
Emergency Repair Kits
Panzergrenadier Squad
Veteran Squad Leaders
Selects Panzer Storm
Panzer III L Medium Tank
Selects Stuka Dive Bomb
Assault Mechanized Group
Walking Stuka Rocket Launcher
Panzer Storm
2.5-tonne Medical Truck
Rapid Advance
Selects Flammpanzer III Medium Tank
Armored Reserves
Panzer Storm
Selects Command Panzer IV F Medium Tank
Panzergrenadier Squad
Voron_
Sad Pepe
0
0
Comments
sign in to comment!
No comments posted yet!